 Dungeon Crawl Stone Soup version 0.20-a0-1117-g62da73f (webtiles) character file.

28168 4thArraOfDagon the Severer (level 13, 0/113 HPs)
             Began as a Hill Orc Conjurer on May 9, 2017.
             Was a High Priest of Beogh.
             Killed by divine providence
             ... invoked by an orc high priest
              (15 damage)
             ... on level 2 of the Orcish Mines.
             The game lasted 00:57:58 (13876 turns).

4thArraOfDagon the Severer (Hill Orc Conjurer)     Turns: 13876, Time: 00:57:59

Health: 0/113      AC: 10    Str: 17    XL:     13   Next: 37%
Magic:  15/21      EV: 14    Int: 16    God:    Beogh [*****.]
Gold:   1328       SH:  0    Dex: 11    Spells: 14/15 levels left

rFire    + + .     SeeInvis .   F - +7 war axe of Doors {freeze, *Drain rPois rF+}
rCold    + . .     Gourm    .   (no shield)
rNeg     . . .     Faith    .   b - +2 troll leather armour
rPois    +         Spirit   .   h - +0 helmet
rElec    .         Reflect  .   j - +0 cloak
rCorr    .         Harm     .   (no gloves)
MR       +....                  (no boots)
Stlth    +.........             J - amulet of rage
Regen    0.7/turn               o - ring of protection from cold
MPRegen  0.2/turn               y - ring of protection from magic

@: no status effects
A: walk on water, blink, fire resistance 1, screaming 1, strong 1
a: Blink, Smiting, Recall Orcish Followers, Give Item to Named Follower,
Renounce Religion, Evoke Berserk Rage


You were on level 2 of the Orcish Mines.
You worshipped Beogh.
Beogh was extremely pleased with you.
You were not hungry.

You visited 2 branches of the dungeon, and saw 17 of its levels.

You collected 1860 gold pieces.
You spent 532 gold pieces at shops.

Inventory:

Hand Weapons
 d - a +3 battleaxe
 F - the +7 war axe of Doors (weapon) {freeze, *Drain rPois rF+}
   (You found it on level 5 of the Dungeon)

   It has been specially enchanted to freeze those struck by it, causing extra
   injury to most foes and up to half again as much damage against particularly
   susceptible opponents.
   It can also slow down cold-blooded creatures.
   It protects you from fire.
   It protects you from poison.
   It causes draining when unequipped.
 X - the +5 pair of quick blades "Gyre" and "Gimble" {pierce, Dex-3}
   (You took it off an orc on level 10 of the Dungeon)

   It inflicts extra damage upon your enemies.
   It affects your dexterity (-3).
Missiles
 g - 8 tomahawks (quivered)
 p - 2 throwing nets
Armour
 b - a +2 troll leather armour (worn)
 h - a +0 helmet (worn)
 j - a +0 cloak (worn)
 m - a +4 ring mail
 D - the cursed +0 leather armour of Amuoleib {Str+7, unknown}
   (You found it on level 14 of the Dungeon)

   It affects your strength (+7).
   It has a curse placed upon it.
 M - a +2 buckler of cold resistance
Magical Staves
 n - an uncursed staff of air {unknown}
Jewellery
 e - an uncursed ring of poison resistance
 o - a ring of protection from cold (left hand)
 r - an uncursed ring of resist corrosion
 s - an uncursed ring of protection from fire
 y - a ring of protection from magic (right hand)
 H - an uncursed ring of fire
 I - an uncursed ring of ice
 J - an amulet of rage (around neck)
Wands
 f - a wand of iceblast (3/15)
 l - a wand of iceblast (0/15)
 q - a wand of iceblast (8/15)
 E - a wand of flame (34/48)
 Q - a wand of polymorph (13/24)
 R - a wand of confusion (19/48)
 U - a wand of paralysis (2/24)
 V - a wand of iceblast (4/15)
 Y - a wand of flame (13/48)
Scrolls
 a - 4 scrolls of remove curse
 u - 5 scrolls of recharging {unknown}
 z - a scroll of silence
 A - 6 scrolls of teleportation
 K - 3 scrolls of fear
 L - a scroll of amnesia
 N - 3 scrolls of enchant weapon
 T - a scroll of magic mapping
Potions
 i - 5 potions of heal wounds
 k - a potion of flight
 t - a potion of brilliance
 x - 8 potions of curing
 B - 2 potions of agility
 G - 3 potions of cancellation
 O - 3 potions of might
 P - 3 potions of mutation
 S - a potion of haste
Miscellaneous
 C - a phial of floods (inert)
 W - a fan of gales
Comestibles
 c - 11 bread rations
 v - 7 royal jellies
 w - 6 meat rations


   Skills:
 + Level 10.1 Fighting
 * Level 16.2 Axes
 + Level 10.0 Armour
 + Level 6.4 Dodging
 - Level 1.5 Stealth
 - Level 1.5 Spellcasting
 - Level 4.0 Conjurations
 + Level 11.7 Invocations
 - Level 5.4 Evocations


You had 14 spell levels left.
You knew the following spells:

 Your Spells              Type           Power        Failure   Level  Hunger
a - Magic Dart            Conj           ##..         4%          1    ##.....


Dungeon Overview and Level Annotations

Branches:
Dungeon (15/15)            Temple (0/1) D:5             Orc (2/2) D:10
    Elf (0/3) Orc:2
   Lair: D:8-11      Vaults: D:13-14     Depths: D:15

Altars:
Makhleb
Sif Muna
Beogh

Shops:
D:9 !   D:11 (   D:12 (   Orc:2 :%(

Annotations:
D:2 Sigmund
D:14 exclusion: Roxanne, Frances, Roxanne


Innate Abilities, Weirdness & Mutations

You can walk on water.
You can translocate small distances at will.
Your flesh is heat resistant. (rF+)
You occasionally shout uncontrollably at your foes.
Your muscles are strong. (Str +2)


Message History

Your orc goes into a battle-frenzy!
The sixfirhy hits you. The sixfirhy shocks you!
Your orc priest barely misses the sixfirhy.
Your orc misses the sixfirhy.
An orc high priest comes into view. It is wielding a halberd.
Unknown command.
Aiming: Smiting
Press: ? - help, Dir - move target cursor, f - orc high priest, p - sixfirhy Smite: an orc high priest, wielding a hand axe and wearing a leather armour You smite the orc high priest!
The orc high priest is moderately wounded.
The sixfirhy hits you. The sixfirhy shocks you! The sixfirhy hits you!
The sixfirhy shocks you! The sixfirhy hits you!
* * * LOW HITPOINT WARNING * * *
The sixfirhy shocks you!
* * * LOW HITPOINT WARNING * * *
The orc high priest invokes the aid of Beogh against you.
Beogh smites you!
You die...
Beogh appreciates the orc high priest's killing of a heretic priest.

#...##.#####..#.....
##..#....#..........
##...............#...
#...............#(...
##.............#....#
##........#.......##
#)o)o...........)..#
###############.3.#.........))...
..........o..o..@...........#.#.#
.....)...o).)..................##
####o###.###.#######.......##)#).
#. #)# #.#....∩#.....#..#.... #h
#.# #.#.....#............. #. ...
..#.....#†............ #. #.#
#.#.o.o.#.)........... oo #.#
#.###)###....†........ .. #.#
#(..))))).............


You could see 2 orc high priests, a sixfirhy, the friendly Gorm the orc knight,
a friendly orc priest and a friendly orc.

Vanquished Creatures
  Nessos (D:15)
  Josephine (D:14)
  2 hydras
  Harold (D:11)
  A two-headed ogre (D:14)
  A tengu warrior (D:14)
  2 orc high priests (Orc:2)
  An unseen horror (D:14)
  Pikel (D:4)
  3 deep elf magi
  2 ugly things (D:12)
  An orc sorcerer (Orc:1)
  A cyclops (D:12)
  A manticore (D:14)
  A freezing wraith (D:13)
  A tengu conjurer (D:13)
  8 trolls
  3 slime creatures (D:14)
  2 hippogriffs
  2 shadows
  5 wraiths
  A basilisk (D:11)
  A human (D:9)
  25 yaks
  4 hogs (D:9)
  3 vampire mosquitoes
  A hungry ghost (D:13)
  A warg (Orc:1)
  3 soldier ants
  A water moccasin (D:10)
  5 ice beasts
  5 orc warriors
  A sky beast (D:9)
  3 slaves (D:6)
  A necrophage (D:14)
  A black bear (D:10)
  An eye of draining (D:12)
  9 ogres
  A phantom (D:9)
  A tengu (D:9)
  4 boggarts (D:14)
  6 centaurs
  A crocodile (D:14)
  3 big kobolds
  Blork the orc (D:5)
  11 bullfrogs
  A water moccasin skeleton (D:5)
  3 scorpions
  A bullfrog zombie (D:6)
  4 crimson imps
  A centaur zombie (D:7)
  4 jellies
  5 bullfrog skeletons
  5 hounds
  5 orc priests
  2 centaur skeletons
  Jessica (D:2)
  A gnoll shaman (D:5)
  2 iguanas
  9 orc wizards
  7 worker ants
  A killer bee zombie (D:7)
  A hound zombie (D:6)
  A hound skeleton (D:5)
  A worker ant zombie (D:6)
  14 gnolls
  12 adders
  2 shadow imps
  2 oozes
  An adder skeleton (D:8)
  3 dart slugs
  2 leopard geckos (D:4)
  28 orcs
  7 giant cockroaches
  9 hobgoblins
  9 jackals
  22 kobolds
  5 quokkas
  5 bats
  2 frilled lizards
  10 goblins
  A jackal skeleton (D:4)
  A quokka skeleton (D:7)
  11 rats
  A fungus (D:13)
337 creatures vanquished.

Vanquished Creatures (collateral kills)
  A stone giant (Orc:2)
  2 two-headed ogres
  An orc high priest (Orc:2)
  A wyvern (D:11)
  A yak (D:11)
  3 wargs (Orc:2)
  5 orc warriors
  A black bear (D:10)
  4 ogres
  A scorpion (D:11)
  2 jellies (D:10)
  8 orc priests
  3 orc wizards (Orc:2)
  An iguana (D:10)
  A worker ant (D:13)
  A hound skeleton (D:8)
  An adder (D:11)
  7 orcs
44 creatures vanquished.

Vanquished Creatures (others)
  2 orc high priests (Orc:2)
  2 orc sorcerers
  An orc knight (D:11)
  3 orc wizards
  8 orc priests
  5 orc warriors
  38 orcs
59 creatures vanquished.

Grand Total: 440 creatures vanquished

Notes
Turn   | Place    | Note
-------+----------+-------------------------------------------
     0 | D:1      | 4thArraOfDagon the Hill Orc Conjurer began the quest for the Orb.
     0 | D:1      | Reached XP level 1. HP: 14/14 MP: 3/3
   159 | D:1      | Reached skill level 1 in Fighting
   242 | D:1      | Reached XP level 2. HP: 24/24 MP: 0/4
   438 | D:2      | Noticed Sigmund
   673 | D:3      | Learned a level 2 spell: Searing Ray
   704 | D:3      | Reached XP level 3. HP: 27/31 MP: 1/5
   886 | D:5      | Entered Level 5 of the Dungeon
   888 | D:5      | Noticed an ogre
  1061 | D:4      | Got a spiked ring mail
  1222 | D:3      | Noticed a bullfrog
  1378 | D:4      | Became a worshipper of Beogh the Brigand
  1414 | D:4      | Reached skill level 1 in Axes
  1414 | D:4      | Reached XP level 4. HP: 35/40 MP: 0/6
  1426 | D:4      | Reached skill level 2 in Axes
  1528 | D:3      | Reached skill level 1 in Armour
  1587 | D:2      | Reached skill level 1 in Invocations
  1587 | D:2      | Reached XP level 5. HP: 42/46 MP: 2/7
  1873 | D:1      | Reached skill level 3 in Axes
  1972 | D:1      | Identified the +1 ring mail of Resourcefulness {rElec rC- rCorr Str-5} (You found it on level 4 of the Dungeon)
  2360 | D:2      | Noticed Jessica
  2365 | D:2      | Killed Jessica
  2386 | D:3      | Reached skill level 4 in Axes
  2386 | D:3      | Reached XP level 6. HP: 49/52 MP: 4/8
  2466 | D:3      | Reached * piety under Beogh
  2898 | D:3      | Reached skill level 5 in Axes
  3217 | D:4      | Reached XP level 7. HP: 54/59 MP: 3/9
  3244 | D:4      | Reached ** piety under Beogh
  3278 | D:4      | Reached skill level 6 in Axes
  3922 | D:6      | Noticed Blork the orc
  4212 | D:6      | Reached skill level 7 in Axes
  4448 | D:6      | Noticed Pikel
  4759 | D:4      | Killed Pikel
  4759 | D:4      | Reached skill level 8 in Axes
  4759 | D:4      | Reached skill level 5 in Invocations
  4759 | D:4      | Reached XP level 8. HP: 58/66 MP: 6/12
  4852 | D:5      | Reached skill level 5 in Armour
  4853 | D:5      | Killed Blork the orc
  4853 | D:5      | Reached skill level 9 in Axes
  5026 | D:5      | Found a staircase to the Ecumenical Temple.
  5154 | D:5      | Got a dazzling war axe
  5155 | D:5      | Identified the +7 war axe of Doors {freeze, *Drain rPois rF+} (You found it on level 5 of the Dungeon)
  5626 | D:6      | Reached XP level 9. HP: 69/71 MP: 13/13
  5813 | D:7      | Reached skill level 10 in Axes
  5855 | D:7      | Reached *** piety under Beogh
  5971 | D:7      | Reached skill level 1 in Evocations
  7054 | D:8      | Found a burning altar of Makhleb.
  7241 | D:8      | Found a deep blue altar of Sif Muna.
  7623 | D:9      | Found Vatek's Distillery.
  7626 | D:9      | Reached skill level 11 in Axes
  7635 | D:9      | Gained mutation: Your flesh is heat resistant. (rF+) [mutagenic meat]
  7636 | D:9      | Gained mutation: You are partially covered in large bone plates. (SH +4) [mutagenic meat]
  7637 | D:9      | Gained mutation: You are dopey. (Int -2) [mutagenic meat]
  7649 | D:9      | Bought 2 potions of cancellation for 224 gold pieces
  7649 | D:9      | Bought a potion of haste for 140 gold pieces
  7649 | D:9      | Bought a potion of degeneration for 14 gold pieces
  7649 | D:9      | Bought a potion of mutation for 112 gold pieces
  7649 | D:9      | Bought a potion of curing for 42 gold pieces
  7769 | D:9      | Reached skill level 5 in Fighting
  7770 | D:9      | Noticed Psyche
  7818 | D:9      | Noticed Psyche
  7818 | D:9      | Psyche changed into Psyche the tengu
  7825 | D:9      | Killed Psyche the tengu
  7825 | D:9      | Reached XP level 10. HP: 58/81 MP: 15/15
  8017 | D:9      | Reached **** piety under Beogh
  8219 | D:10     | Entered Level 10 of the Dungeon
  8321 | D:10     | Reached skill level 12 in Axes
  8732 | D:10     | Reached skill level 5 in Evocations
  9020 | D:11     | Noticed a two-headed ogre
  9026 | D:11     | Killed a two-headed ogre
  9026 | D:11     | Reached XP level 11. HP: 90/90 MP: 14/17
  9246 | D:11     | Reached skill level 13 in Axes
  9512 | D:11     | Found Doexugor's Weapon Boutique.
  9610 | D:11     | Noticed Harold
  9626 | D:11     | Killed Harold
  9929 | D:12     | Noticed a purple ugly thing
 10077 | D:12     | Killed a purple ugly thing
 10080 | D:12     | Gained mutation: You occasionally shout uncontrollably at your foes. [mutagenic meat]
 10081 | D:12     | Gained mutation: You are very dopey. (Int -4) [mutagenic meat]
 10193 | D:12     | Noticed a five-headed hydra
 10203 | D:12     | Killed a nine-headed hydra
 10249 | D:12     | Noticed a cyclops
 10265 | D:12     | Noticed a red ugly thing
 10265 | D:12     | Noticed a deep elf mage
 10309 | D:12     | Killed a cyclops
 10321 | D:12     | Killed a deep elf mage
 10321 | D:12     | Reached skill level 14 in Axes
 10372 | D:12     | Killed a red ugly thing
 10375 | D:12     | Gained mutation: Your muscles are strong. (Str +2) [mutagenic meat]
 10376 | D:12     | Gained mutation: You are frail. (-10% HP) [mutagenic meat]
 10383 | D:12     | Found Cuopacon's Antique Weapon Emporium.
 10406 | D:12     | Lost mutation: You are very dopey. (Int -4) [potion of mutation]
 10406 | D:12     | Lost mutation: You are frail. (-10% HP) [potion of mutation]
 10406 | D:12     | Lost mutation: You are dopey. (Int -2) [potion of mutation]
 10406 | D:12     | Lost mutation: You are partially covered in large bone plates. (SH +4) [potion of mutation]
 10406 | D:12     | Gained mutation: You can translocate small distances at will. [potion of mutation]
 10639 | D:13     | Reached skill level 10 in Invocations
 10639 | D:13     | Reached XP level 12. HP: 80/102 MP: 19/19
 10838 | D:14     | Reached skill level 5 in Dodging
 10861 | D:14     | Reached ***** piety under Beogh
 10941 | D:14     | Noticed Josephine
 11191 | D:13     | Gained Warbeogh as an ally
 11490 | D:14     | Killed Josephine
 11717 | D:14     | Reached skill level 15 in Axes
 11732 | D:14     | Got a faintly glowing leather armour
 11740 | D:14     | Noticed Frances
 11743 | D:14     | Noticed a two-headed ogre
 11809 | D:14     | Noticed a tengu warrior
 11831 | D:14     | Noticed a two-headed ogre
 11836 | D:14     | Killed a two-headed ogre
 11973 | D:14     | Gained Geork as an ally
 11976 | D:14     | Noticed a deep elf knight
 12006 | D:14     | Killed a two-headed ogre
 12139 | D:14     | Noticed Roxanne
 12156 | D:14     | Your ally Geork died
 12196 | D:15     | Entered Level 15 of the Dungeon
 12196 | D:15     | Noticed a death knight
 12201 | D:15     | Noticed Nessos
 12209 | D:15     | Killed Nessos
 12315 | D:14     | Reached XP level 13. HP: 72/111 MP: 21/21
 12425 | D:14     | Noticed a vault guard
 12877 | D:10     | Reached skill level 16 in Axes
 12900 | D:10     | Found a staircase to the Orcish Mines.
 12909 | Orc:1    | Entered Level 1 of the Orcish Mines
 13183 | Orc:2    | Entered Level 2 of the Orcish Mines
 13222 | Orc:2    | Found a roughly hewn altar of Beogh.
 13273 | Orc:2    | Noticed a stone giant
 13278 | Orc:2    | Killed a stone giant
 13278 | Orc:2    | Reached skill level 10 in Fighting
 13427 | Orc:2    | Found a staircase to the Elven Halls.
 13538 | Orc:2    | Found Nadoaz's Antique Weapon Shoppe.
 13685 | Orc:2    | Found Ewes's Book Shop.
 13748 | Orc:2    | Reached skill level 10 in Armour
 13789 | Orc:2    | Found Nukegaq's Food Shoppe.
 13866 | Orc:2    | Gained Gorm as an ally
 13872 | Orc:2    | Your ally Warbeogh died
 13876 | Orc:2    | Killed from afar by an orc high priest

Vault maps used:
D:1:      dpeg_arrival_erosion, minmay_pentomino_x2
D:2:      uniq_jessica, uniq_sigmund
D:3:      first_bread
D:5:      temple_hall
D:6:      uniq_pikel, uniq_blork_the_orc
D:8:      lemuel_coloured_pillars_altar, basic_altar
D:9:      corexii_shack_village, serial_shops, nicolae_shop_stone,
          grunt_livestock, uniq_psyche
D:10:     erik_lair_dragon, david_orc_1_choice
D:11:     serial_shops, shop, uniq_harold
D:12:     serial_shops, nicolae_shop_window_shopping
D:13:     minmay_gold_behind_fungi
D:14:     grunt_vaults_entry_fortified, serial_park_square1, uniq_frances,
          uniq_josephine, uniq_roxanne, uniq_kirke
D:15:     hangedman_depths_entry_civil_slaughter, minmay_misc_feat_rugged,
          dispersion_dpeg, uniq_nessos
Orc:2:    st_orc_town, serial_shops, shop, mines1_david

Skill      XL: |  1  2  3  4  5  6  7  8  9 10 11 12 13 |
---------------+----------------------------------------+-----
Fighting       | 1 3 4 5 6 8 9 10 | 10.1
Axes           | 1 2 4 5 8 9 11 12 14 15 16 | 16.2
Armour         | 1 2 3 4 5 6 7 8 9 10 | 10.0
Invocations    | 1 2 3 5 6 7 8 10 11 | 11.7
Evocations     | 3 5 |  5.4
Dodging        | 2 3 4 6 |  6.4
Stealth        | |  1.5
Spellcasting   | |  1.5
Conjurations   | |  4.0

Action                   |  1- 3 |  4- 6 |  7- 9 | 10-12 | 13-15 || total
-------------------------+-------+-------+-------+-------+-------++-------
Melee: Club              |     7 |       |       |       |       ||     7
       Spear             |     7 |       |       |       |       ||     7
       War axe           |     4 |     2 |   156 |   484 |    74 ||   720
       Flail             |       |    94 |   239 |       |       ||   333
       Hand axe          |       |    92 |       |       |       ||    92
Throw: Stone             |     9 |       |       |       |       ||     9
 Cast: Magic Dart        |    60 |    33 |       |       |       ||    93
       Searing Ray       |       |       |     1 |       |       ||     1
Invok: Convert to Beogh  |     1 |       |       |       |       ||     1
       Smiting           |       |       |     1 |     4 |     8 ||    13
       Recall Orcish Fol |       |       |       |     3 |     1 ||     4
 Abil: Evoke Berserk Rag |       |       |       |     4 |       ||     4
Evoke: Wand              |       |       |     8 |    22 |     2 ||    32
       Phial of floods   |       |       |       |       |     1 ||     1
  Use: Scroll            |     3 |     2 |     3 |    15 |       ||    23
       Potion            |       |     1 |     2 |     1 |       ||     4
 Stab: Distracted        |       |     1 |       |     1 |     1 ||     3
       Paralysed         |       |       |       |    26 |     2 ||    28
       Confused          |       |       |       |     1 |       ||     1
  Eat: Fruit             |     3 |       |       |       |       ||     3
       Chunk             |     2 |     5 |    22 |    13 |     4 ||    46
       Royal jelly       |       |     1 |       |     3 |       ||     4
Armor: Ring mail         |    10 |   108 |   225 |    81 |       ||   424
       Troll leather arm |       |       |       |    41 |    13 ||    54
Dodge: Dodged            |    29 |   111 |   215 |   182 |    62 ||   599
Block: Other             |       |       |     1 |    23 |       ||    24
